 Dungeon Crawl Stone Soup version 0.18.1-6-gd335043 (webtiles) character file.

27 Gingerlord the Skirmisher (level 3, -1/29 HPs)
             Began as a Formicid Abyssal Knight on May 17, 2016.
             Was a Follower of Lugonu.
             Slain by a worm (11 damage)
             ... on level 2 of the Dungeon.
             The game lasted 00:01:46 (1325 turns).

Gingerlord the Skirmisher (Formicid Abyssal Knight) Turns: 1325, Time: 00:01:47

Health: -1/29      AC:  3    Str: 16    XL:     3   Next: 25%
Magic:  5/5        EV: 11    Int: 11    God:    Lugonu [*.....]
Gold:   43         SH:  0    Dex: 11    Spells: 0 memorised, 2 levels left

rFire  . . .     SeeInvis +     a - +1 falchion
rCold  . . .     Gourm    .     b - +0 leather armour
rNeg   . . .     Faith    .     (no shield)
rPois  .         Spirit   .     (helmet unavailable)
rElec  .         Dismiss  .     (no cloak)
rCorr  .         Reflect  .     (no gloves)
SustAt .         Harm     .     (no boots)
MR     .....                    (no amulet)
Stlth  +.........               (no ring)
                                (no ring)

@: not resistant to hostile enchantments, very unstealthy
A: permanent stasis, dig shafts and tunnels, four strong arms, antennae 3
a: Dig, Shaft Self, Depart the Abyss, Renounce Religion


You were on level 2 of the Dungeon.
You worshipped Lugonu.
Lugonu was aware of your devotion.
You were hungry.

You visited 1 branch of the dungeon, and saw 2 of its levels.
You visited the Abyss 1 time.

You collected 43 gold pieces.

Inventory:

Hand Weapons
 a - a +1 falchion (weapon)
Armour
 b - a +0 leather armour (worn)
Scrolls
 d - 2 scrolls of remove curse {unknown}
 e - a scroll of enchant weapon {unknown}
 f - 4 scrolls of identify {unknown}
 g - a scroll of fog {unknown}
 k - 2 scrolls of noise {unknown}
 l - a scroll of fear {unknown}
Potions
 h - a potion of haste {unknown}
 i - a potion of agility {unknown}
 o - a potion of heal wounds {unknown}
Comestibles
 c - 2 bread rations
 j - a slice of pizza
 m - a royal jelly


   Skills:
 + Level 3.5 Fighting
 + Level 2.2 Long Blades
 + Level 2.5 Armour
 + Level 1.1 Dodging
 + Level 3.0 Invocations


You had 2 spell levels left.
You didn't know any spells.

Dungeon Overview and Level Annotations

Branches:
Dungeon (2/15)

Altars:


Innate Abilities, Weirdness & Mutations

You are under a permanent stasis effect.
You can dig through walls and to a lower floor.
Your four strong arms can wield two-handed weapons with a shield.
You have a pair of large antennae on your head (SInv).


Message History

You are too injured to fight recklessly!
Unknown command.
You hit the kobold.
You kill the kobold!
Lugonu accepts your kill.
You see here a dagger.
You see here a spear.
You see here a giant newt corpse.
All of the chunks of flesh in your inventory have rotted away.
Unknown command.
You are feeling hungry.
You start resting.
You hit the worm.
The worm is lightly wounded.
The worm barely misses you.
You barely miss the worm. The worm misses you.
You hit the worm.
The worm is lightly wounded.
The worm bites you!
You die...

#.#...### #.## #.#.....# #.#.
###### #.#....######.#. .....#
#.#..>..†.....#. .....#
#######.#...########## ....#
#...<...#............. #...#
#.########..########## #...#
#.########............ ≈##..#
#....@w÷.#............
≈≈≈..#############.##..########.#
≈≈#..............................
≈##.†#############.##########.#..
≈≈...# #.....#........# ##...#
#####.#......... .....#
#.########.# .....# #...........
##...# ############


You could see a worm.

Vanquished Creatures
  An ooze (D:1)
  4 bats
  A giant cockroach (D:1)
  3 goblins
  3 hobgoblins (D:1)
  A quokka (D:2)
  A ball python (D:2)
  2 giant newts (D:2)
  3 kobolds
  2 rats (D:1)
21 creatures vanquished.

Notes
Turn   | Place    | Note
--------------------------------------------------------------
     0 | Abyss:1  | Gingerlord the Formicid Abyssal Knight began the quest for the Orb.
     0 | Abyss:1  | Reached XP level 1. HP: 18/18 MP: 2/2
    51 | Abyss:1  | Noticed a fire giant zombie
    52 | Abyss:1  | Noticed a large abomination
    52 | Abyss:1  | Noticed a black draconian annihilator
    53 | Abyss:1  | Noticed a rakshasa
    53 | D:1      | Escaped the Abyss
    60 | D:1      | Noticed a black bear
    60 | D:1      | Noticed a crocodile
    60 | D:1      | Noticed an anaconda
    60 | D:1      | Noticed a killer bee
    60 | D:1      | Noticed a lindwurm
   269 | D:1      | Reached skill level 1 in Dodging
   269 | D:1      | Reached XP level 2. HP: 20/24 MP: 3/3
   973 | D:2      | Reached * piety under Lugonu
   994 | D:2      | Reached XP level 3. HP: 29/29 MP: 5/5
  1325 | D:2      | Slain by a worm

Skill      XL: |  1  2  3 |
---------------+----------+-----
Dodging        | 1 |  1.1
Invocations    | 3 |  3.0
Fighting       | |  3.5
Long Blades    | |  2.2
Armour         | |  2.5

Action                   || total
-------------------------++-------
Melee: Falchion          ||    76
Invok: Depart the Abyss  ||     1
  Eat: Chunk             ||     1
Armor: Leather armour    ||    47
Dodge: Dodged            ||    70
